 Dungeon Crawl Stone Soup version 0.29.1-15-g9cfb28693d (webtiles) character file.

Game seed: 1621264832032074876

601 croobank the Firebug (level 7, 0/50 HPs)
             Began as a Demonspawn Fire Elementalist on Apr 11, 2023.
             Slain by Edmund
             ... wielding a +1 flail of protection
              (11 damage)
             ... on level 4 of the Dungeon on Apr 12, 2023.
             The game lasted 00:11:41 (4789 turns).

croobank the Firebug (Demonspawn Fire Elementalist) Turns: 4789, Time: 00:11:41

Health: 0/50       AC:  6    Str:  9    XL:     7   Next: 18%
Magic:  1/11       EV: 13    Int: 18    God:
Gold:   191        SH:  0    Dex: 13    Spells: 6/12 levels left

rFire   . . .      SeeInvis .   q - +0 spear (flame)
rCold   . . .      Faith    .   (no shield)
rNeg    . . .      Spirit   .   a - +0 robe
rPois   +          Reflect  .   (no helmet)
rElec   .          Harm     .   y - +1 cloak {rCorr}
rCorr   +          Rampage  .   (no gloves)
Will    .....                   (no boots)
Stlth   ++........              (no amulet)
HPRegen 0.16/turn               u - ring of poison resistance
MPRegen 0.24/turn               (no ring)

@: no status effects
A: claws 2, icy blue scales 1, powered by pain 1, magic regeneration
a: no special abilities


You were on level 4 of the Dungeon.
You visited 1 branch of the dungeon, and saw 4 of its levels.

You collected 191 gold pieces.

Inventory:

Hand Weapons
 e - a +2 vorpal scythe
 g - a +0 spear
 j - a +0 dagger
 q - a +0 spear of flaming (weapon)
 t - a +0 hand axe
 x - a +3 quarterstaff of chaos
Missiles
 k - 5 poisoned darts
 l - a boomerang of dispersal (quivered)
Armour
 a - a +0 robe (worn)
 p - a +0 ring mail
 y - a +1 cloak of preservation (worn)
Jewellery
 r - a +6 ring of dexterity
 u - a ring of poison resistance (left claw)
 v - a ring of protection from cold
Wands
 d - a wand of roots (5)
 i - a wand of flame (17)
Scrolls
 A - a scroll of poison
Potions
 c - a potion of ambrosia
 f - a potion of attraction {unknown}
 h - 2 potions of degeneration {unknown}
 m - a potion of mutation {unknown}
 s - a potion of haste {unknown}
 w - 2 potions of lignification


   Skills:
 + Level 2.2 Fighting
 + Level 3.1 Dodging
 + Level 3.2 Stealth
 + Level 3.2 Spellcasting
 + Level 2.9 Conjurations
 * Level 2.8 Transmutations
 + Level 3.6 Fire Magic


You had 6 spell levels left.
You knew the following spells:

 Your Spells              Type           Power      Damage    Failure   Level
a - Foxfire               Conj/Fire      56%        2x1d6     4%          1
b - Scorch                Fire           32%        2d6       5%          2
c - Beastly Appendage     Tmut           26%        N/A       4%          1
d - Wereblood             Tmut           13%        N/A       8%          2

Your spell library contained the following spells:

 Spells                   Type           Power      Damage    Failure   Level
 Conjure Flame            Conj/Fire      14%        6-21      12%         3
 Inner Flame              Hex/Fire       9%         N/A       22%         3
 Spider Form              Tmut/Pois      8%         N/A       26%         3
 Flame Wave               Conj/Fire      14%        2d6       38%         4
 Gell's Gravitas          Tloc           2%         N/A       43%         3
 Lesser Beckoning         Tloc           2%         N/A       43%         3
 Teleport Other           Tloc           2%         N/A       43%         3


Dungeon Overview and Level Annotations

Branches:
Dungeon (4/15)
 Temple: D:4-7

Altars:
Xom

Shops:
D:1 *

Annotations:
D:4 Edmund


Innate Abilities, Weirdness & Mutations

You have very sharp fingernails.
You are partially covered in icy blue scales. (AC +2)
You sometimes gain a little power by taking damage.
You regenerate magic rapidly.


Message History

Confirm with . or Enter, or press ? or * to list all spells.
You don't have enough magic to cast this spell.
Magic courses through your body.
Edmund hits you with a +1 flail of protection!
Casting: Scorch (safe; 5% risk of failure)
Confirm with . or Enter, or press ? or * to list all spells.
Flames lash Edmund.
Edmund is burned terribly!
Edmund is lightly wounded.
Edmund barely misses you.
Casting: Scorch (safe; 5% risk of failure)
Confirm with . or Enter, or press ? or * to list all spells.
Flames lash Edmund.
Edmund is burned terribly!
Edmund is moderately wounded.
Edmund misses you.
Casting: Scorch (safe; 5% risk of failure)
Confirm with . or Enter, or press ? or * to list all spells.
Flames lash Edmund but do no damage.
Edmund hits you with a +1 flail of protection.
Casting: Scorch (safe; 5% risk of failure)
Confirm with . or Enter, or press ? or * to list all spells.
Flames lash Edmund.
Edmund is burned terribly!
Edmund is moderately wounded.
Edmund hits you with a +1 flail of protection!
Casting: Scorch (safe; 5% risk of failure)
Confirm with . or Enter, or press ? or * to list all spells.
Flames lash Edmund but do no damage.
Edmund hits you with a +1 flail of protection!
* * * LOW HITPOINT WARNING * * *
Casting: Scorch (safe; 5% risk of failure)
Confirm with . or Enter, or press ? or * to list all spells.
Flames lash Edmund but do no damage.
Edmund hits you but does no damage.
Okay, then.
Throw: 2 boomerangs (disperse)
Press: ? - help, Q - select action, (/) - cycle Shift-Dir - straight line, f - Edmund
Aim: Edmund, wielding a +1 flail of protection and wearing a +0 ring mail (moderately wounded, more vulnerable to fire, 61% to hit)
You throw a boomerang of dispersal.
The boomerang of dispersal hits Edmund but does no damage.
Edmund is moderately wounded.
Edmund hits you with a +1 flail of protection!
You die...

..... ....### ...#.#
....)...# .... .... ##
#... ..# ....##.##..
##@##
......<....####.@.###
......#....##......#..
.... #...).##......... .
... #................ ..
#.###...............#
...#..#.............####
....<.#.............#
..##.......##......##
#......###.......#


You could see Edmund (combustible).

Vanquished Creatures
  Grinder (D:3)
  Sigmund (D:3)
  A scorpion (D:4)
  An orc priest (D:3)
  Crazy Yiuf (D:3)
  Natasha (D:4)
  3 adders
  2 dart slugs
  3 orcs (D:3)
  8 ball pythons
  7 bats
  7 endoplasms
  A giant cockroach (D:4)
  4 goblins
  7 hobgoblins
  4 jackals (D:1)
  3 quokkas
  3 frilled lizards (D:1)
  4 kobolds
  9 rats
71 creatures vanquished.

Vanquished Creatures (collateral kills)
  2 foxfires (D:4)
2 creatures vanquished.

Vanquished Creatures (others)
  178 foxfires
178 creatures vanquished.

Grand Total: 251 creatures vanquished

Notes
Turn   | Place    | Note
-------+----------+-------------------------------------------
     0 | D:1      | croobank the Demonspawn Fire Elementalist began the quest
                  | for the Orb.
     0 | D:1      | Reached XP level 1. HP: 13/13 MP: 3/3
    89 | D:1      | Found Sijonly's Assorted Antiques.
   518 | D:1      | Gained mutation: You sometimes gain a little power by
                  | taking damage. [demonic ancestry]
   518 | D:1      | Reached XP level 2. HP: 19/19 MP: 0/5
   593 | D:1      | Learned a level 2 spell: Scorch
  1437 | D:1      | Gained mutation: You have sharp fingernails. [demonic
                  | ancestry]
  1437 | D:1      | Reached XP level 3. HP: 24/24 MP: 3/6
  3056 | D:2      | Gained mutation: You are partially covered in icy blue
                  | scales. (AC +2) [demonic ancestry]
  3056 | D:2      | Reached XP level 4. HP: 22/31 MP: 0/7
  3312 | D:3      | Learned a level 1 spell: Beastly Appendage
  3315 | D:3      | Learned a level 2 spell: Wereblood
  3393 | D:3      | Found a runed translucent door.
  3394 | D:3      | Noticed Crazy Yiuf
  3401 | D:3      | Killed Crazy Yiuf
  3402 | D:3      | Reached skill level 1 in Fighting
  3657 | D:3      | Noticed Sigmund
  3828 | D:3      | Killed Sigmund
  3829 | D:3      | Reached skill level 1 in Transmutations
  3829 | D:3      | Gained mutation: You regenerate magic rapidly. [demonic
                  | ancestry]
  3829 | D:3      | Reached XP level 5. HP: 38/38 MP: 0/9
  3829 | D:3      | Reached XP level 6. HP: 44/44 MP: 0/10
  4403 | D:3      | Identified the +4 scale mail of the Salamander {rN+}
  4436 | D:3      | Noticed Grinder
  4451 | D:3      | Killed Grinder
  4548 | D:3      | Found a shimmering altar of Xom.
  4621 | D:3      | Gained mutation: You have very sharp fingernails. [demonic
                  | ancestry]
  4621 | D:3      | Reached XP level 7. HP: 49/50 MP: 8/11
  4770 | D:4      | Noticed Natasha
  4773 | D:4      | Noticed Edmund
  4774 | D:4      | Killed Natasha
  4789 | D:4      | Slain by Edmund

Illustrated notes

Levels and vault maps discovered:
D:1:      dpeg_arrival_shrine, layout_basic, serial_shops, nicolae_shop_trees,
          chequers_serial_rivers_marsh, minmay_tiny_reverse_x
D:2:      layout_basic
D:3:      layout_basic, lemuel_coloured_pillars_altar, minmay_misc_feat_pillars,
          uniq_grinder, uniq_sigmund, uniq_crazy_yiuf_cottage
D:4:      layout_cave_pools, serial_shops, nicolae_diamond_shop, uniq_natasha,
          uniq_edmund

Skill      XL: |  1  2  3  4  5  6 |
---------------+-------------------+-----
Stealth        | 2 3 |  3.2
Dodging        | 2 3 |  3.1
Fire Magic     | 3 |  3.6
Fighting       | 1 2 |  2.2
Conjurations   | 2 |  2.9
Transmutations | 1 2 |  2.8
Spellcasting   | 3 |  3.2

Action                   |  1- 3 |  4- 6 |  7- 9 || total
-------------------------+-------+-------+-------++-------
Melee: Unarmed           |     6 |       |       ||     6
       Spear             |    22 |    26 |     8 ||    56
       Kick              |       |     1 |       ||     1
       Headbutt          |       |     1 |       ||     1
       Punch             |       |     1 |       ||     1
Throw: Boomerang         |       |       |     1 ||     1
 Cast: Foxfire           |    74 |    20 |    15 ||   109
       Scorch            |     9 |    16 |    10 ||    35
       Wereblood         |       |     2 |       ||     2
       Beastly Appendage |       |     1 |       ||     1
  Use: Scroll            |     3 |     8 |       ||    11
       Potion            |       |     1 |     1 ||     2
 Stab: Sleeping          |     3 |       |       ||     3
Armor: Robe              |     6 |     9 |     2 ||    17
Dodge: Dodged            |    26 |    16 |     8 ||    50
